 Dungeon Crawl Stone Soup version 0.30-a0-715-gdb4ae3ece1 (webtiles) character file.

Game seed: 13833756656831938787

963 mopl the Chopper (level 8, -5/56 HPs)
             Began as a Formicid Warper on Jan 23, 2023.
             Was an Initiate of Okawaru.
             Slain by a mummy (17 damage)
             ... in an ossuary.
             The game lasted 00:05:47 (3738 turns).

mopl the Chopper (Formicid Warper)                  Turns: 3738, Time: 00:05:48

Health: -5/56      AC:  7    Str: 19    XL:     8   Next: 37%
Magic:  11/11      EV: 10    Int: 12    God:    Okawaru [......]
Gold:   177        SH:  0    Dex: 13    Spells: 6/11 levels left

rFire   . . .      SeeInvis +    a - +2 hand axe (freeze)
rCold   . . .      Faith    .    (no shield)
rNeg    . . .      Spirit   .    v - +0 scale mail
rPois   .          Reflect  .    (helmet unavailable)
rElec   .          Harm     .    f - scarf {shadows}
rCorr   .          Rampage  .    (no gloves)
Will    .....                    c - +0 pair of boots Stlth
                                 m - amulet of the acrobat
HPRegen 0.29/turn                (no ring)
MPRegen 0.12/turn                (no ring)

@: no status effects
A: permanent stasis, dig shafts and tunnels, antennae 3, four strong arms
a: Dig, Renounce Religion


You were in an ossuary.
You worshipped Okawaru.
Okawaru was noncommittal.
You visited 2 branches of the dungeon, and saw 6 of its levels.
You also visited: Ossuary.

You collected 177 gold pieces.

Inventory:

Hand Weapons
 a - a +2 hand axe of freezing (weapon)
 b - a +0 short sword of venom
 y - a +0 battleaxe
Missiles
 d - 7 boomerangs of dispersal (quivered)
 l - 6 javelins
 p - 4 boomerangs
 s - 3 poisoned darts
Armour
 c - a +0 pair of boots (worn)
 f - a scarf of shadows (worn)
 g - a +0 chain mail
 n - the +0 cloak of Baldness {rElec}
   (You found it on level 2 of the Dungeon)

   rElec:     It insulates you from electricity.
 v - a +0 scale mail (worn)
Jewellery
 m - an amulet of the acrobat (around neck)
Scrolls
 i - 3 scrolls of teleportation {unknown}
 j - 3 scrolls of vulnerability {unknown}
 o - a scroll of enchant weapon {unknown}
 q - 2 scrolls of noise {unknown}
 t - 2 scrolls of fog {unknown}
 u - 4 scrolls of identify {unknown}
Potions
 e - a potion of resistance {unknown}
 h - 5 potions of curing
 k - a potion of heal wounds {unknown}
 r - a potion of magic {unknown}
 w - a potion of mutation {unknown}
 x - 2 potions of lignification {unknown}
 z - a potion of might {unknown}


   Skills:
 - Level 2.1 Fighting
 * Level 7.6 Axes
 - Level 1.0 Throwing
 - Level 1.1 Armour
 - Level 1.7 Dodging
 - Level 2.1 Spellcasting
 + Level 5.4 Translocations
 + Level 1.8 Invocations


You had 6 spell levels left.
You knew the following spells:

 Your Spells              Type           Power      Damage    Failure   Level
a - Lesser Beckoning      Tloc           28%        N/A       14%         2
b - Teleport Other        Tloc           14%        N/A       26%         3

Your spell library contained the following spells:

 Spells                   Type           Power      Damage    Failure   Level
 Shock                    Conj/Air       4%         1d3       63%         1
 Vhi's Electric Charge    Tloc/Air       14%        N/A       63%         3
 Manifold Assault         Tloc           14%        N/A       65%         4
 Airstrike                Air            0%         2d(1-17)  100%        4
 Blink                    Tloc           Unusable   N/A       N/A         2
 Swiftness                Air            Unusable   N/A       N/A         3

Dungeon Overview and Level Annotations

Branches:
Dungeon (5/15)             Temple (1/1) D:5         Ossuary (1/1)

Altars:
Ashenzari
Okawaru
Qazlal
Trog
Yredelemnul
The Shining One


Innate Abilities, Weirdness & Mutations

You cannot be hasted, slowed, berserked, paralysed or teleported.
You can dig through walls and to a lower floor.
You have a pair of large antennae on your head. (SInv)
Your four strong arms can wield two-handed weapons with a shield.


Message History

You are too injured to fight recklessly!
You hit the mummy.
You destroy the mummy!
Okawaru accepts your kill.
You hit the hobgoblin zombie. You hit the mummy but do no damage.
You hit the mummy.
The hobgoblin zombie hits you but does no damage.
The mummy hits you.
Unknown command.
You hit the hobgoblin zombie.
You destroy the hobgoblin zombie!
You closely miss the mummy. You hit the mummy.
The mummy hits you but does no damage.
Unknown command.
You hit the mummy. You freeze the mummy.
You destroy the mummy!
Okawaru accepts your kill.
You hit the mummy. You hit the gnoll zombie. The mummy hits you!
* * * LOW HITPOINT WARNING * * *
The gnoll zombie barely misses you.
Unknown command.
You hit the mummy.
You destroy the mummy!
Okawaru accepts your kill.
You hit the kobold zombie. You slash the gnoll zombie!
You destroy the gnoll zombie!
Okawaru accepts your kill.
Unknown command.
You hit the mummy.
The mummy is lightly damaged.
You hit the mummy but do no damage.
The mummy is lightly damaged.
You barely miss the mummy.
The mummy is lightly damaged.
You hit the kobold zombie.
The kobold zombie hits you but does no damage.
You hit the mummy. You freeze the mummy.
The mummy is moderately damaged.
You hit the kobold zombie. The mummy hits you!
You die...

Z..M......
........#
......#
#....#
#....#
#....#
#....#
#MZ..#
#@...#
#....#
#....#
#.∩∩.#
######


You could see a mummy and a kobold zombie.

Vanquished Creatures
  Sigmund (D:3)
  A centaur (D:4)
  5 scorpions
  A necrophage (D:5)
  2 hounds (D:5)
  2 orc priests
  2 human skeletons (D:5)
  An orc wizard (D:2)
  3 mummies (Ossuary)
  3 adders (D:2)
  A worm (D:2)
  3 dart slugs
  11 orcs
  5 bats
  4 endoplasms
  A giant cockroach (D:1)
  7 goblins
  8 hobgoblins
  10 jackals
  9 kobolds
  A quokka (D:3)
  3 ball pythons
  3 frilled lizards (D:1)
  A gnoll zombie (Ossuary)
  2 hobgoblin zombies (Ossuary)
  A kobold zombie (Ossuary)
  3 orc skeletons (D:5)
  3 orc zombies
  4 rats
101 creatures vanquished.

Notes
Turn   | Place    | Note
-------+----------+-------------------------------------------
     0 | D:1      | mopl the Formicid Warper began the quest for the Orb.
     0 | D:1      | Reached XP level 1. HP: 16/16 MP: 3/3
   197 | D:1      | Reached XP level 2. HP: 8/22 MP: 5/5
   340 | D:1      | Reached skill level 3 in Translocations
   414 | D:1      | Reached XP level 3. HP: 27/27 MP: 6/6
   511 | D:1      | Reached skill level 3 in Axes
  1140 | D:2      | Reached XP level 4. HP: 33/33 MP: 7/7
  1233 | D:2      | Identified the +0 cloak of Baldness {rElec}
  1440 | D:2      | Found a basalt altar of Yredelemnul.
  1484 | D:2      | Reached skill level 4 in Axes
  1484 | D:2      | Reached XP level 5. HP: 30/38 MP: 8/8
  1808 | D:3      | Noticed Sigmund
  1838 | D:3      | Killed Sigmund
  1839 | D:3      | Reached skill level 5 in Axes
  1839 | D:3      | Reached skill level 4 in Translocations
  1839 | D:3      | Reached XP level 6. HP: 12/44 MP: 9/9
  1964 | D:3      | Learned a level 2 spell: Lesser Beckoning
  1968 | D:3      | Learned a level 3 spell: Teleport Other
  2070 | D:3      | Reached XP level 7. HP: 50/50 MP: 10/10
  2625 | D:4      | Reached skill level 6 in Axes
  3493 | D:5      | Entered Level 5 of the Dungeon
  3511 | D:5      | Found a staircase to the Ecumenical Temple.
  3525 | D:5      | Reached skill level 5 in Translocations
  3537 | D:5      | Reached skill level 7 in Axes
  3537 | D:5      | Reached XP level 8. HP: 32/56 MP: 11/11
  3554 | Temple   | Entered the Ecumenical Temple
  3566 | Temple   | Became a worshipper of Warmaster Okawaru
  3600 | D:5      | Reached skill level 1 in Invocations
  3661 | D:5      | Found a sand-covered staircase.
  3690 | Ossuary  | Entered an ossuary
  3738 | Ossuary  | Slain by a mummy

Illustrated notes

Levels and vault maps discovered:
D:1:      lightli_arrival_flooded_house, layout_loops_corners
D:2:      cheibrodos_pilgrimage, layout_rooms, basic_altar
D:3:      layout_basic, uniq_sigmund
D:4:      layout_layer_cave
D:5:      layout_basic, minmay_temple_entry_water_ring,
          nicolae_ossuary_entry_catacombs, serial_shops, shop,
          minmay_misc_feat_doors, minmay_manual_mail
Temple:   compressed_dpeg_circular_temple
Ossuary:  ossuary_tomb_3

Skill      XL: |  1  2  3  4  5  6  7  8 |
---------------+-------------------------+-----
Translocations | 3 4 5 |  5.4
Axes           | 3 4 5 7 |  7.6
Invocations    | 1 |  1.8
Fighting       | |  2.1
Throwing       | |  1.0
Armour         | |  1.1
Dodging        | |  1.7
Spellcasting   | |  2.1

Action                     |  1- 3 |  4- 6 |  7- 9 || total
---------------------------+-------+-------+-------++-------
  Melee: Hand axe          |    33 |       |    61 ||    94
         Short sword       |    74 |    87 |   140 ||   301
         Punch             |       |     3 |     5 ||     8
   Stab: Sleeping          |     1 |       |       ||     1
 Armour: Leather armour    |    28 |       |       ||    28
         Ring mail         |    13 |       |       ||    13
         Chain mail        |       |    31 |    37 ||    68
         Scale mail        |       |       |    56 ||    56
  Dodge: Dodged            |    72 |    41 |    94 ||   207

Table legend: (Time is in decaauts)
 A = Elapsed time spent in this place.
 B = Non-inter-level travel time spent in this place.
 C = Inter-level travel time spent in this place.
 D = Time resting spent in this place.
 E = Time spent auto-exploring this place.
 F = Levels seen in this place.
 G = Mean time per level.
                   A        B        C        D        E       F      G
               +--------+--------+--------+--------+--------+-----+--------+
         Total |   3737 |   3568 |    169 |    346 |   2240 |   7 |  533.9 |
       Dungeon |   3670 |   3501 |    169 |    346 |   2240 |   5 |  734.0 |
        Temple |     20 |     20 |      0 |      0 |      0 |   1 |   20.0 |
       Ossuary |     45 |     45 |      0 |      0 |      0 |   1 |   45.0 |
               +--------+--------+--------+--------+--------+-----+--------+

Top non-repeatable levels by time:
     D:1: 1026 daAuts
     D:4: 913 daAuts
     D:3: 813 daAuts
     D:2: 743 daAuts
     D:5: 172 daAuts
 Ossuary: 45 daAuts
  Temple: 20 daAuts
